 Dungeon Crawl Stone Soup version 0.28-a0-79-g444c7a33f5 (webtiles) character file.

Game seed: 3567620237940437559

3826 pokeman the Thaumaturge (level 9, -2/50 HPs)
             Began as a Deep Elf Hedge Wizard on Aug 2, 2021.
             Slain by Psyche (11 damage)
             ... on level 8 of the Dungeon on Aug 3, 2021.
             The game lasted 00:20:38 (9870 turns).

pokeman the Thaumaturge (Deep Elf Hedge Wizard)     Turns: 9870, Time: 00:20:39

Health: -2/50      AC:  7    Str:  7    XL:     9   Next: 97%
Magic:  27/27      EV: 18    Int: 23    God:
Gold:   430        SH:  0    Dex: 14    Spells: 21/32 levels left

rFire   . . .      SeeInvis .   s - +3 dagger (venom)
rCold   . . .      Faith    .   (no shield)
rNeg    . . .      Spirit   .   M - +0 steam dragon scales
rPois   +          Reflect  .   K - +0 helmet
rElec   .          Harm     .   (no cloak)
rCorr   .          Rampage  .   e - +0 pair of gloves
Will    .....                   (no boots)
Stlth   ++........              x - amulet of magic regeneration
HPRegen 0.16/turn               G - ring of poison resistance
MPRegen 0.45/turn               (no ring)

@: agile
A: no striking features
a: no special abilities


You were on level 8 of the Dungeon.
You visited 2 branches of the dungeon, and saw 9 of its levels.

You collected 430 gold pieces.

Inventory:

Hand Weapons
 s - a +3 dagger of venom (weapon)
 z - a +0 shortbow
Missiles
 a - 122 bolts
 b - 78 arrows
Armour
 e - a +0 pair of gloves (worn)
 n - a +2 robe of fire resistance
 r - a +0 kite shield
 K - a +0 helmet (worn)
 M - +0 steam dragon scales (worn)
Magical Staves
 f - a staff of poison
 D - a staff of air
Jewellery
 c - a ring of see invisible
 i - an amulet of faith
 x - an amulet of magic regeneration (around neck)
 G - a ring of poison resistance (left hand)
 N - an amulet of guardian spirit
Wands
 v - a wand of polymorph (7)
 w - a wand of flame (12)
 y - a wand of digging (4)
 L - a wand of acid (9)
Scrolls
 d - 6 scrolls of identify {unknown}
 k - a scroll of torment {unknown}
 m - 3 scrolls of teleportation {unknown}
 A - 2 scrolls of enchant weapon {unknown}
 B - a scroll of vulnerability {unknown}
 C - a scroll of fear {unknown}
 E - 2 scrolls of amnesia {unknown}
 H - a scroll of magic mapping {unknown}
 I - a scroll of noise {unknown}
 J - a scroll of brand weapon {unknown}
Potions
 g - 2 potions of curing
 h - a potion of ambrosia {unknown}
 j - a potion of might
 l - 2 potions of attraction {unknown}
 o - a potion of magic {unknown}
 p - 3 potions of flight {unknown}
 q - 2 potions of berserk rage {unknown}
 t - a potion of invisibility {unknown}
 u - a potion of heal wounds {unknown}
 F - 2 potions of brilliance {unknown}


   Skills:
 - Level 3.0 Fighting
 - Level 3.0 Armour
 - Level 3.0 Dodging
 - Level 3.1 Stealth
 + Level 2.3 Shields
 * Level 12.2 Spellcasting
 + Level 7.0 Conjurations
 - Level 1.1 Summonings
 - Level 1.1 Translocations
 + Level 5.9 Fire Magic
 - Level 1.0 Air Magic
 - Level 1.1 Poison Magic
 - Level 1.1 Evocations


You had 21 spell levels left.
You knew the following spells:

 Your Spells              Type           Power      Damage    Failure   Level
a - Magic Dart            Conj           100%       1d8       1%          1
b - Mephitic Cloud        Conj/Pois/Air  28%        N/A       3%          3
c - Call Imp              Summ           19%        N/A       4%          2
d - Blink                 Tloc           N/A        N/A       4%          2
e - Conjure Flame         Conj/Fire      44%        6-21      1%          3

Your spell library contained the following spells:

 Spells                   Type           Power      Damage    Failure   Level
 Sting                    Tmut/Pois      64%        1d6       3%          1
 Sticky Flame             Conj/Fire      44%        2d6       3%          4
 Corona                   Hex            15%        N/A       4%          1
 Poisonous Vapours        Pois/Air       38%        N/A       4%          2
 Ignite Poison            Fire/Tmut/Pois 25%        N/A       4%          3
 Ensorcelled Hibernation  Hex/Ice        28%        N/A       7%          2
 Slow                     Hex            14%        N/A       7%          2
 Sublimation of Blood     Necr           7%         N/A       7%          2
 Tukima's Dance           Hex            14%        N/A       14%         3
 Olgreb's Toxic Radiance  Pois           19%        N/A       28%         4
 Irradiate                Conj/Tmut      15%        3d19      28%         5
 Petrify                  Tmut/Erth      14%        N/A       41%         4


Dungeon Overview and Level Annotations

Branches:
Dungeon (8/15)             Temple (1/1) D:4
   Lair: D:8-11

Altars:
Ashenzari
Cheibriados
Dithmenos
Elyvilon
Fedhas
Gozag
Hepliaklqana
Makhleb
Nemelex Xobeh
Qazlal
Sif Muna
Uskayaw
Xom
Yredelemnul
The Shining One

Shops:
D:1 *   D:2 :

Annotations:
D:7 3 runed translucent doors, TerrariaFan's ghost, novice MiFi
D:8 Psyche


Message History

The steam dragon breathes steam at you. The ball of steam hits you. You resist.
You smother the flame.
Unknown command.
You bump into the rock wall.
Psyche hits you with a +1 dagger of distortion.
Space bends around you.
Unknown command.
Psyche hits you but does no damage. Space warps horribly around you!
Unknown command.
You closely miss Psyche.
Psyche laughs secretively.
Psyche hits you but does no damage. Space bends around you.
Psyche sings a strange song.
Psyche gestures wildly while chanting.
Psyche flickers and vanishes!
Deactivating autopickup; reactivate with Ctrl-A.
You bump into the rock wall.
Something hits you. Space warps horribly around you!!
* * * LOW HITPOINT WARNING * * *
The steam dragon bites you but does no damage.
The steam dragon claws you but does no damage.
Unknown command.
It was a potion of curing.
You feel better. The centaur zombie closely misses you.
The centaur zombie kicks you but does no damage.
You hear some strange, mumbled words.
A swirling arc of seething chaos appears!
An arc of chaos appears from out of thin air!
The arc of chaos hits you!
You feel agile all of a sudden.
The arc of chaos hits the steam dragon.
The steam dragon is poisoned.
The steam dragon breathes steam at you.
The ball of steam hits you but does no damage.
You resist. The centaur zombie hits you.
* * * LOW HITPOINT WARNING * * *
The centaur zombie closely misses you. Something hits you.
* * * LOW HITPOINT WARNING * * *
Space warps horribly around you!
You die...

#############.#
........<.....#
#######.#######
..............#
#.#####.#####.#
#####@#####.#
#..§{§D......
#.§§..Z......
#............
...............
...............
...............
...............
...............


You could see a steam dragon (poisoned, catching breath) and a centaur zombie.

Vanquished Creatures
  A two-headed ogre (D:6)
  Maggie (D:7)
  Prince Ribbit (D:7)
  3 water moccasins
  2 black bears
  2 sky beasts
  2 ice beasts
  2 necrophages
  3 ogres
  2 centaurs
  2 kobold brigands (D:7)
  A phantom (D:6)
  2 bullfrogs
  A gnoll sergeant (D:6)
  A wyvern skeleton (D:5)
  A scorpion (D:5)
  2 water moccasin zombies (D:5)
  4 wights (D:7)
  A bullfrog zombie (D:5)
  2 hounds
  2 orc priests (D:4)
  A centaur skeleton (D:5)
  A jelly (D:5)
  Ijyb (D:4)
  Jessica (D:3)
  A killer bee zombie (D:6)
  A hound skeleton (D:3)
  4 gnolls (D:6)
  3 adders
  A white imp (D:6)
  2 dart slugs
  8 orcs
  5 ball pythons
  4 bats
  6 endoplasms
  3 giant cockroaches
  13 goblins
  10 hobgoblins
  6 jackals
  18 kobolds
  3 quokkas
  2 frilled lizards
  A quokka skeleton (D:2)
  3 rats
136 creatures vanquished.

Vanquished Creatures (collateral kills)
  The ghost of zazu2006 the Magician, an amateur NaWz (D:4)
  A dart slug (D:4)
  2 orcs (D:3)
4 creatures vanquished.

Vanquished Creatures (others)
  A quokka (D:4)
1 creature vanquished.

Grand Total: 141 creatures vanquished

Notes
Turn   | Place    | Note
-------+----------+-------------------------------------------
     0 | D:1      | pokeman the Deep Elf Hedge Wizard began the quest for the
                  | Orb.
     0 | D:1      | Reached XP level 1. HP: 10/10 MP: 7/7
   434 | D:1      | Reached XP level 2. HP: 15/15 MP: 4/9
  1008 | D:1      | Reached skill level 5 in Spellcasting
  1370 | D:1      | Found Hym Luve's Assorted Antiques.
  1800 | D:2      | Reached XP level 3. HP: 20/20 MP: 6/11
  1804 | D:2      | Learned a level 3 spell: Mephitic Cloud
  1807 | D:2      | Learned a level 2 spell: Call Imp
  1810 | D:2      | Learned a level 2 spell: Blink
  1814 | D:2      | Learned a level 3 spell: Conjure Flame
  1906 | D:2      | Found a faded altar of an unknown god.
  2317 | D:2      | Reached skill level 1 in Fighting
  2396 | D:2      | Reached skill level 1 in Armour
  2656 | D:2      | Found Weovocs's Book Emporium.
  3074 | D:3      | Noticed Jessica
  3078 | D:3      | Killed Jessica
  3079 | D:3      | Reached XP level 4. HP: 25/25 MP: 7/13
  3193 | D:3      | Found a sparkling altar of Nemelex Xobeh.
  3418 | D:3      | Reached skill level 1 in Fire Magic
  3543 | D:3      | Noticed a bullfrog
  3568 | D:3      | Killed a bullfrog
  3569 | D:3      | Reached skill level 6 in Spellcasting
  3569 | D:3      | Reached XP level 5. HP: 5/29 MP: 1/15
  4020 | D:3      | Reached skill level 1 in Air Magic
  4576 | D:4      | Noticed a black bear
  4592 | D:4      | Killed a black bear
  4593 | D:4      | Reached skill level 1 in Poison Magic
  4593 | D:4      | Reached XP level 6. HP: 34/34 MP: 10/17
  4921 | D:4      | Reached skill level 7 in Spellcasting
  5247 | D:4      | Reached skill level 1 in Shields
  5363 | D:4      | Found a staircase to the Ecumenical Temple.
  5381 | Temple   | Entered the Ecumenical Temple
  5612 | D:4      | Reached XP level 7. HP: 39/39 MP: 12/20
  5706 | D:4      | Found a runed translucent gate.
  5706 | D:4      | Found a runed translucent gate.
  5708 | D:4      | Found a runed translucent gate.
  5708 | D:4      | Found an opulent altar of Gozag.
  5711 | D:4      | Noticed zazu2006's ghost (amateur NaWz)
  5761 | D:4      | Noticed Ijyb
  5796 | D:4      | Killed Ijyb
  6005 | D:4      | Killed zazu2006's ghost
  6006 | D:4      | Reached skill level 8 in Spellcasting
  6084 | D:5      | Entered Level 5 of the Dungeon
  6182 | D:5      | Reached skill level 1 in Evocations
  6371 | D:5      | Reached XP level 8. HP: 36/45 MP: 13/22
  6382 | D:5      | Reached skill level 9 in Spellcasting
  6620 | D:5      | Found a snail-covered altar of Cheibriados.
  6983 | D:5      | Reached skill level 5 in Conjurations
  7325 | D:6      | Reached skill level 10 in Spellcasting
  7373 | D:6      | Noticed a two-headed ogre
  7394 | D:6      | Killed a two-headed ogre
  7395 | D:6      | Reached XP level 9. HP: 50/50 MP: 9/25
  7502 | D:6      | Reached skill level 11 in Spellcasting
  7870 | D:6      | Reached skill level 5 in Fire Magic
  8172 | D:6      | Found a glowing golden altar of the Shining One.
  8174 | D:6      | Noticed an angel
  8266 | D:6      | Found a basalt altar of Yredelemnul.
  8268 | D:6      | Noticed a profane servitor
  8602 | D:7      | Noticed Prince Ribbit
  8610 | D:7      | Killed Prince Ribbit
  8868 | D:7      | Found a runed translucent gate.
  8868 | D:7      | Found a runed translucent gate.
  8868 | D:7      | Found a runed translucent gate.
  8939 | D:7      | Noticed Maggie
  8966 | D:7      | Killed Maggie
  8967 | D:7      | Reached skill level 12 in Spellcasting
  9225 | D:7      | Noticed TerrariaFan's ghost (novice MiFi)
  9269 | D:7      | Found a shimmering altar of Xom.
  9271 | D:7      | Found a shimmering altar of Xom.
  9273 | D:7      | Found a shimmering altar of Xom.
  9273 | D:7      | Found a shimmering altar of Xom.
  9276 | D:7      | Found a shimmering altar of Xom.
  9276 | D:7      | Found a shimmering altar of Xom.
  9283 | D:7      | Found a shimmering altar of Xom.
  9861 | D:8      | Noticed Psyche
  9870 | D:8      | Slain by Psyche

Illustrated notes

Levels and vault maps discovered:
D:1:      kennysheep_arrival_seaside, layout_basic, serial_shops, shop
D:2:      layout_basic, serial_shops, nicolae_shop_statue_plus,
          basic_ecumenical_altar
D:3:      layout_loops_ring, nemelex_diamond_rough_becter, serial_glass,
          glass_columns_a, glass_columns_b, glass_columns_a, glass_columns_a,
          glass_columns_c, glass_columns_a, amcnicky_mini_pool_small,
          kennysheep_big_empty_room, kennysheep_jessica_study
D:4:      kennysheep_the_goblin_king, layout_basic,
          minmay_temple_entry_offerings, ebering_ghost_gozag, minivault_26
D:5:      layout_loops_ring, kennysheep_little_box, small_statue_intersection
D:6:      layout_loops_ring, grunt_temple_overflow_holy_war, kennysheep_diamond
D:7:      layout_loops_corners, nicolae_xom_altar_mimics, gammafunk_ghost_icy,
          uniq_prince_ribbit1, uniq_maggie
D:8:      layout_basic, okawaru_gym_becter, trog_book, uniq_psyche
Temple:   jpeg_temple_alley_garden

Skill      XL: |  1  2  3  4  5  6  7  8  9 |
---------------+----------------------------+-----
Spellcasting   | 5 6 7 8 10 12 | 12.2
Fighting       | 1 2 3 |  3.0
Armour         | 1 2 3 |  3.0
Conjurations   | 2 3 4 5 7 |  7.0
Fire Magic     | 1 2 4 5 |  5.9
Dodging        | 3 |  3.0
Air Magic      | 1 |  1.0
Stealth        | 3 |  3.1
Poison Magic   | 1 |  1.1
Shields        | 1 2 |  2.3
Evocations     | 1 |  1.1
Summonings     | |  1.1
Translocations | |  1.1

Action                   |  1- 3 |  4- 6 |  7- 9 || total
-------------------------+-------+-------+-------++-------
Melee: Mace              |     5 |     3 |       ||     8
       Dagger            |       |    17 |    83 ||   100
 Fire: Shortbow          |       |       |    19 ||    19
 Cast: Magic Dart        |   104 |   120 |   134 ||   358
       Mephitic Cloud    |       |     6 |    17 ||    23
       Call Imp          |       |     3 |     7 ||    10
       Conjure Flame     |       |     2 |    33 ||    35
       Blink             |       |       |     2 ||     2
  Use: Potion            |       |       |     1 ||     1
 Stab: Confused          |       |       |     7 ||     7
Armor: Robe              |     1 |       |       ||     1
       Leather armour    |    12 |     8 |    18 ||    38
       Steam dragon scal |       |       |     5 ||     5
Dodge: Dodged            |    11 |    41 |    47 ||    99

Table legend: (Time is in decaauts)
 A = Elapsed time spent in this place.
 B = Non-inter-level travel time spent in this place.
 C = Inter-level travel time spent in this place.
 D = Time resting spent in this place.
 E = Time spent auto-exploring this place.
 F = Levels seen in this place.
 G = Mean time per level.
                   A        B        C        D        E       F      G
               +--------+--------+--------+--------+--------+-----+--------+
         Total |   9879 |   9617 |    262 |    672 |   7678 |   9 | 1097.7 |
       Dungeon |   9678 |   9451 |    227 |    672 |   7534 |   8 | 1209.8 |
        Temple |    200 |    165 |     35 |      0 |    144 |   1 |  200.0 |
               +--------+--------+--------+--------+--------+-----+--------+

Top non-repeatable levels by time:
     D:1: 1800 daAuts
     D:3: 1492 daAuts
     D:7: 1375 daAuts
     D:6: 1337 daAuts
     D:4: 1328 daAuts
     D:2: 1268 daAuts
     D:5: 1062 daAuts
  Temple: 200 daAuts
     D:8: 13 daAuts
